Map: Eternal Empire LE

Players

AgoElazer (Elazer) - Winner!

  • Race: Zerg Zerg
  • Spawn Location: 1:00

Bunny

  • Race: Terran Terran
  • Spawn Location: 7:00

Event: StayAtHomestory Cup #1

VOD

Have the link to the VOD?

Description

Time

  • Played on: April 10, 2020, 6 a.m.
  • Length: 13:26

All games in this series

Show
View Real Time Build Order
Export as new Build Order

AgoElazer Zerg - Winner!

Build Orders: Hatch First, Ravager All-In 

Get SALT Encoding   

  12  0:00  Drone  
  13  0:12  Overlord  
  13  0:17  Drone  
  14  0:30  Drone x2  
  14  0:35  Drone  
  17  0:53  Hatchery  
  17  0:57  Drone  
  17  1:00  Drone  
  18  1:11  Extractor  
  17  1:14  Spawning Pool  
  17  1:17  Drone  
  17  1:20  Drone  
  18  1:28  Drone  
  19  1:39  Drone  
  20  1:49  Drone  
  21  1:54  Extractor  
  21  2:00  Queen  
  22  2:04  Roach Warren  
  22  2:07  Queen  
  22  2:08  Zergling x4  
  25  2:11  Drone  
  26  2:22  Overlord  
  26  2:39  Drone  
  27  2:46  Roach x3  
  32  2:53  Overlord  
  32  2:55  Queen  
  34  2:58  Drone  
  35  3:06  Overlord  
  35  3:07  Ravager  
  36  3:16  Ravager x2  
  36  3:17  Roach x2  
  42  3:20  Drone  
  42  3:25  Roach  
  45  3:39  Roach  
  45  3:40  Ravager  
  48  3:47  Queen  
  50  3:51  Overlord  
  50  3:53  Ravager  
  51  4:11  Ravager  
  52  4:19  Hatchery  
  52  4:21  Drone x3  
  54  4:24  Ravager  
  54  4:27  Drone  
  56  4:36  Drone  
  56  4:37  Drone x2  
  56  4:42  Overlord  
  56  4:45  Drone  
  57  4:54  Drone x2  
  57  4:56  Drone  
  60  5:00  Overlord  
  60  5:02  Drone  
  60  5:05  Drone  
  62  5:09  Drone  
  63  5:18  Lair, Metabolic Boost  
  63  5:29  Overlord  
  63  5:30  Drone x3  
  66  5:36  Overlord  
  66  5:38  Drone x2  
  66  5:42  Drone x2  
  70  5:48  Overlord  
  70  5:50  Drone x2  
  70  5:53  Drone  
  70  5:56  Queen  
  75  6:02  Spore Crawler  
  72  6:13  Zergling x4  
  74  6:19  Zergling x8  
  74  6:20  Hatchery  
  77  6:26  Zergling x2  
  77  6:27  Zergling x6  
  77  6:30  Overlord  
  81  6:36  Zergling x8  
  85  6:47  Overlord  
  85  6:51  Overseer, Hatchery  
  81  6:56  Evolution Chamber  
  81  6:57  Baneling Nest  
  81  6:58  Evolution Chamber  
  78  7:09  Overlord  
  78  7:11  Drone x9  
  78  7:12  Drone  
  88  7:25  Overlord  
  88  7:26  Zergling x2  
  88  7:27  Zergling x6  
  92  7:31  Zerg Ground Armor Level 1, Zerg Melee Weapons Level 1  
  92  7:33  Drone  
  93  7:41  Zergling x2  
  94  7:44  Centrifical Hooks  
  94  7:48  Drone x5  
  99  7:54  Zergling x6  
  102  8:01  Zergling x2  
  103  8:12  Zergling x4  
  103  8:13  Zergling x2  
  103  8:18  Hatchery  
  103  8:22  Overlord  
  103  8:23  Overseer  
  103  8:33  Zergling x18  
  99  8:35  Zergling x2  
  100  8:43  Zergling x8  
  102  8:54  Zergling x2, Overlord  
  102  8:55  Zergling x6  
  105  9:00  Infestation Pit  
  104  9:03  Unknown  
  104  9:05  Drone x3  
  104  9:09  Drone x3  
  109  9:13  Drone x2  
  109  9:14  Drone  
  109  9:15  Drone  
  113  9:20  Drone x2  
  113  9:21  Drone  
  116  9:26  Hatchery  
  116  9:29  Zerg Melee Weapons Level 2, Zerg Ground Armor Level 2  
  116  9:30  Overlord  
  116  9:31  Baneling x11  
  115  9:33  Zergling x10  
  115  9:37  Spore Crawler  
  120  9:38  Zergling x6  
  120  9:43  Hive  
  122  9:47  Overlord  
  122  9:48  Overlord  
  122  9:50  Pneumatized Carapace  
  122  9:52  Overlord  
  122  9:53  Drone x2  
  122  9:54  Drone  
  122  9:56  Drone  
  122  9:57  Extractor  
  122  9:58  Drone  
  122  9:59  Drone x2  
  128  10:01  Baneling x4  
  128  10:04  Zergling x6  
  131  10:08  Zergling x10  
  131  10:09  Zergling x2  
  131  10:12  Zergling x6  
  140  10:18  Zergling x6  
  133  10:22  Baneling x8  
  133  10:23  Zergling x2  
  133  10:28  Overlord  
  134  10:30  Zergling x4  
  136  10:39  Zergling x18  
  136  10:42  Hatchery  
  144  10:44  Queen  
  144  10:45  Overlord  
  145  10:50  Zergling x10  
  146  10:58  Overseer  
  146  11:02  Adrenal Glands, Drone  
  146  11:03  Ultralisk Cavern, Overlord  
  146  11:07  Drone x12  
  158  11:12  Baneling  
  158  11:13  Baneling x10  
  158  11:15  Zergling x10  
  163  11:24  Zergling x2  
  163  11:25  Zergling x2  
  165  11:29  Overlord  
  163  11:37  Zergling x20  
  170  11:46  Baneling x14  
  170  11:47  Zergling x6  
  169  12:03  Zergling x18  
  177  12:14  Zergling x2  
  177  12:15  Zergling x8  
  171  12:30  Zergling x28, Ultralisk x2  
  150  12:38  Zergling x4  
  125  12:46  Zergling x4, Ultralisk  
  131  12:52  Zergling x18  
  130  13:07  Zergling x10  
Show
View Real Time Build Order
Export as new Build Order

Bunny Terran 

Build Orders: Reaper Expand 

Get SALT Encoding   

  12  0:01  SCV  
  13  0:13  SCV  
  14  0:17  Supply Depot  
  14  0:25  SCV  
  15  0:38  SCV  
  15  0:40  Barracks  
  16  0:44  Refinery  
  16  0:51  SCV  
  17  1:03  SCV  
  18  1:15  SCV  
  19  1:27  Reaper, Orbital Command  
  20  1:39  Command Center  
  20  1:51  Supply Depot  
  20  1:52  SCV  
  21  1:59  Marine  
  22  2:04  SCV  
  23  2:10  Factory  
  23  2:16  Command Center  
  23  2:18  SCV  
  23  2:22  Barracks Reactor  
  24  2:30  Bunker  
  24  2:33  SCV, Refinery  
  25  2:45  SCV  
  25  2:53  Supply Depot  
  25  2:54  Factory Tech Lab  
  25  2:57  SCV, Bunker  
  26  2:59  Marine x2  
  28  3:10  SCV  
  29  3:17  Cyclone  
  32  3:22  SCV  
  32  3:23  Starport  
  33  3:27  Marine  
  33  3:28  Marine  
  35  3:38  Orbital Command  
  35  3:44  Supply Depot  
  35  3:47  SCV  
  37  4:06  Siege Tank  
  39  4:11  Viking  
  41  4:21  Marine x2  
  43  4:38  Siege Tank  
  46  4:51  Supply Depot  
  46  4:53  Supply Depot  
  46  5:05  Supply Depot  
  46  5:06  Barracks Reactor  
  46  5:13  SCV, Medivac  
  49  5:20  Siege Tank  
  51  5:25  SCV  
  51  5:31  Command Center  
  51  5:33  Orbital Command  
  51  5:37  SCV  
  52  5:52  Marine x2  
  52  5:54  SCV  
  55  5:58  SCV  
  59  6:07  SCV  
  59  6:11  SCV  
  58  6:19  SCV  
  58  6:22  Stimpack  
  58  6:23  SCV  
  58  6:24  Marine  
  58  6:25  Factory Reactor, Barracks  
  61  6:27  Barracks  
  61  6:31  Starport Reactor  
  61  6:35  Engineering Bay  
  61  6:37  Engineering Bay  
  61  6:39  SCV x2  
  63  6:42  Marine  
  63  6:43  Orbital Command  
  64  6:51  SCV x2  
  66  6:59  Marine  
  67  7:03  SCV x2  
  67  7:04  Supply Depot  
  69  7:12  SCV  
  69  7:15  SCV x2  
  72  7:16  Marine x2  
  72  7:17  Factory Tech Lab  
  72  7:20  Terran Infantry Weapons Level 1, Terran Infantry Armor Level 1  
  74  7:23  Refinery  
  74  7:24  Barracks x2, Refinery  
  74  7:27  Marine x3  
  77  7:33  Supply Depot  
  77  7:34  Marine x2, SCV x3  
  82  7:39  Siege Tank  
  82  7:41  Medivac  
  87  7:46  Marine x2  
  87  7:47  Marine  
  90  7:51  Marine  
  90  7:52  Marine  
  92  7:59  Medivac  
  92  8:04  Marine x3, SCV  
  92  8:05  SCV  
  99  8:09  Marine x2, Supply Depot  
  101  8:18  Barracks Reactor  
  101  8:20  Barracks Reactor  
  101  8:24  Supply Depot  
  101  8:30  Medivac, Siege Tank  
  101  8:33  Marine  
  101  8:34  Marine x4  
  98  8:37  Medivac  
  98  8:39  SCV x2  
  102  8:46  Orbital Command  
  100  8:51  Marine x3  
  100  8:53  Marine x2  
  100  8:54  Armory  
  99  9:00  Marine x4  
  99  9:01  SCV  
  99  9:02  SCV  
  105  9:03  Factory  
  105  9:04  Medivac  
  105  9:07  Medivac  
  105  9:08  Widow Mine  
  105  9:09  Marine x3  
  114  9:13  SCV  
  114  9:14  SCV x2  
  117  9:31  Supply Depot x2  
  117  9:33  Supply Depot  
  117  9:40  SCV x3, Refinery  
  117  9:42  Command Center  
  120  9:46  Terran Infantry Weapons Level 2  
  120  9:51  Terran Infantry Armor Level 2  
  120  9:54  Refinery  
  120  9:58  Factory Reactor  
  120  9:59  Supply Depot, Widow Mine  
  122  10:01  Marine x2  
  122  10:02  Marine  
  122  10:04  Marine  
  126  10:21  Widow Mine  
  126  10:23  Marauder  
  126  10:25  Marine  
  126  10:26  Marine x7  
  134  10:36  SCV x3  
  134  10:37  Medivac x2  
  134  10:39  Widow Mine x2  
  134  10:42  Widow Mine  
  147  10:43  Marine  
  147  10:47  Barracks x2  
  147  10:51  Barracks  
  147  10:54  Marauder  
  144  11:01  Marine  
  144  11:02  Marine x7  
  152  11:15  Marine, Widow Mine  
  152  11:16  Widow Mine x2  
  159  11:24  Marine x4  
  163  11:27  Marine x3  
  163  11:29  SCV x3  
  169  11:35  Barracks Tech Lab x2  
  164  11:40  Barracks Tech Lab  
  164  11:50  Widow Mine x3  
  164  11:52  Marauder  
  172  11:58  Marauder  
  171  12:04  Medivac x2  
  172  12:09  Marine  
  172  12:11  Marine x8, Marauder  
  172  12:13  Marauder  
  162  12:20  Marauder  
  156  12:26  Orbital Command  
  156  12:27  Marine  
  156  12:29  Marine  
  152  12:32  Marauder  
  152  12:33  Marine x4, Marauder  
  152  12:34  Marine x2, Marauder  
  131  12:39  Medivac  
  131  12:40  Marine  
  104  12:45  Marine  
  104  12:47  Marine  
  104  12:48  SCV x2  
  104  12:51  Marine x3  
  108  12:53  SCV  
  103  13:06  SCV x2  
Tags
 
Add a new tag
Caveats
  • Supply blocks, unpowered buildings, or Contaminate may cause inaccurate times.
  • Supply counts are checked every 10 seconds.